AoeStats
← AOKI_GworK

Arabia

510481122Analyzed
1v1 RM · 11h ago on Oct 1, 2026· 26m 5s· 2 players
Game mode
Random Map
Map size
Tiny (2 player)
Population
200
Speed
Normal
Resources
Standard
Victory
Conquest
Starting age
Dark Age
Ending age
Imperial Age
RankedLock teamsTeams togetherTeam positionsShared explorationLock speedFull tech treeHidden civsTurbo modeCheats
Victory
Defeat
🇫🇷 Poles · France
1814
+8
🇨🇳 Burgundians · China
1631
-8
迷途小羔羊
6:38 Loom
8:56 Feudal Age
9:35 Double-Bit Axe
9:46 Horse Collar
22:31 Fletching
AOKI_GworK
7:09 Loom
9:39 Feudal Age
10:09 Man-at-Arms
14:44 Double-Bit Axe
20:38 Wheelbarrow
25:18 Castle Age
23:54 Scale Mail Armor
23:52 Fletching
23:49 Arson
24:31 Padded Archer Armor
26:10 Bow Saw
25:34 Long Swordsman
25:46 Elite Skirmisher
26:17 Horse Collar
Connection lost

Rejoining the realm…

Still unreachable

The connection could not be restored.

Session expired

The server has moved on; the page needs a fresh start.